 Dungeon Crawl Stone Soup version 0.30.0-10-gfe55d96785 (webtiles) character file.

Game seed: 6393705332964630547

303 Gabide the Trooper (level 6, -1/67 HPs)
             Began as an Ogre Gladiator on May 14, 2023.
             Killed by divine providence
             ... invoked by an orc priest
              (13 damage)
             ... on level 4 of the Dungeon.
             The game lasted 00:06:57 (3138 turns).

Gabide the Trooper (Ogre Gladiator)                 Turns: 3138, Time: 00:06:58

Health: -1/67      AC: 10    Str: 20 (21) XL:     6   Next: 38%
Magic:  0/0        EV: 10    Int: 10 (11) God:
Gold:   136        SH:  5    Dex:  7 (10) Spells: 5/5 levels left

rFire   + . .        a - +4 dire flail (protect)
rCold   . . .        (shield currently unavailable)
rNeg    . . .        w - +0 robe
rPois   .            c - +0 hat
rElec   +            (no cloak)
rCorr   +            (gloves unavailable)
SInv    +            (boots unavailable)
Will    .....        p - amulet of reflection
Stlth   +            g - ring of resist corrosion
HPRegen 0.31/turn    n - ring of Contention {rElec rF+ MP-9 Int+2 SInv}
MPRegen 0.07/turn

%: reflection
@: brilliant, under a protective aura
A: large, unfitting armour, tough skin 1
a: no special abilities


You were on level 4 of the Dungeon.
You visited 1 branch of the dungeon, and saw 4 of its levels.

You collected 136 gold pieces.

Inventory:

Hand Weapons
 a - a +4 dire flail of protection (weapon)
Missiles
 f - 7 boomerangs (quivered)
 y - 9 atropa-tipped darts
Armour
 c - a +0 hat (worn)
 w - a +0 robe (worn)
Jewellery
 g - a ring of resist corrosion (left hand)
 n - the ring of Contention (right hand) {rElec rF+ MP-9 Int+2 SInv}
   (You acquired it on level 2 of the Dungeon)

   [ring of see invisible]

   Int:       It affects your intelligence (+2).
   rF:        It protects you from fire.
   rElec:     It insulates you from electricity.
   MP:        It affects your magic capacity (-9).
   SInv:      It lets you see invisible.
 p - an amulet of reflection (around neck)
Scrolls
 b - a scroll of identify
 k - a scroll of vulnerability
 u - a scroll of silence
Potions
 h - a potion of invisibility {unknown}
 i - a potion of attraction {unknown}
 j - a potion of brilliance
 l - a potion of mutation {unknown}
 m - 4 potions of degeneration
 o - a potion of curing {unknown}
 r - a potion of lignification {unknown}
 t - a potion of berserk rage {unknown}
 z - a potion of might {unknown}


   Skills:
 * Level 5.8 Fighting
 * Level 4.5 Maces & Flails
 - Level 2.0 Throwing
 + Level 3.6 Dodging


You had 5 spell levels left.
You didn't know any spells.
Your spell library contained the following spells:

 Spells                   Type           Power      Damage    Failure   Level
 Cigotuvi's Dreadful Rot  Necr/Pois/Air  0%         N/A       50%         2
 Sublimation of Blood     Necr           0%         N/A       50%         2
 Ignite Poison            Fire/Tmut/Pois 0%         N/A       75%         3
 Petrify                  Tmut/Erth      0%         N/A       98%         4
 Freezing Cloud           Conj/Ice/Air   0%         6-21      100%        5
 Irradiate                Conj/Tmut      0%         3d11      100%        5


Dungeon Overview and Level Annotations

Branches:
Dungeon (4/15)
 Temple: D:4-7

Altars:
Hepliaklqana

Annotations:
D:3 3 runed translucent doors, hawkguy's ghost, amateur GrEE


Innate Abilities, Weirdness & Mutations

You are too large for most types of armour.
You have tough skin. (AC +1)


Message History

The ufetubus closely misses you.
The ufetubus hits you but does no damage.
The ufetubus attacks as you move away! The ufetubus hits you.
* * * LOW HITPOINT WARNING * * *
You block the ufetubus's attack. The ufetubus barely misses you.
The ufetubus hits you.
* * * LOW HITPOINT WARNING * * *
You block Sigmund's attack.
Okay, then.
Unknown command.
Unknown command.
Okay, then.
You feel much better. You block the ufetubus's attack.
The ufetubus barely misses you. Sigmund closely misses you.
You miss the ufetubus.
The orc priest is no longer moving slowly.
You block the ufetubus's attack. The ufetubus barely misses you.
The orc wizard mumbles some strange words.
The orc wizard flickers and vanishes for a moment.
The ufetubus barely misses you.
The ufetubus hits you but does no damage.
You block Sigmund's attack.
You closely miss the ufetubus. The ufetubus hits you. x2
Sigmund hits you from afar with a +0 scythe!
The ufetubus misses you.
The ufetubus hits you but does no damage.
You puncture the ufetubus!
Your weapon exudes an aura of protection.
You kill the ufetubus!
The orc priest invokes the aid of Beogh against you.
Beogh smites you!
* * * LOW HITPOINT WARNING * * *
Sigmund screams, "You will never...
NEVER!!!"
Sigmund closely misses you. Sigmund barely misses you.
You puncture Sigmund!
You kill Sigmund!
The orc priest calls down the wrath of Beogh upon you.
Beogh smites you!
You die...

####### .......
...[...##################
..(..ooS@............)...
.....oo##################
o...... .(..... .(.....
+##.... ....... #.###
...... #. #....# ##
#....# .# .


You could see an orc priest, an orc wizard (invisible), an adder and 2 orcs.

Vanquished Creatures
  Sigmund (D:4)
  Edmund (D:4)
  Robin (D:3)
  4 gnolls (D:3)
  3 adders (D:2)
  An ufetubus (D:4)
  A worm (D:2)
  5 dart slugs
  4 orcs
  5 ball pythons
  4 endoplasms
  8 giant cockroaches
  9 hobgoblins
  3 jackals (D:1)
  4 quokkas
  2 bats
  3 frilled lizards
  14 goblins
  6 kobolds
  10 rats
89 creatures vanquished.

Notes
Turn   | Place    | Note
-------+----------+-------------------------------------------
     0 | D:1      | Gabide the Ogre Gladiator began the quest for the Orb.
     0 | D:1      | Reached XP level 1. HP: 22/22 MP: 1/1
    33 | D:1      | Reached skill level 3 in Fighting
    92 | D:1      | Reached XP level 2. HP: 31/31 MP: 2/2
   278 | D:1      | Reached XP level 3. HP: 31/37 MP: 3/3
  1057 | D:2      | Reached skill level 4 in Fighting
  1057 | D:2      | Reached XP level 4. HP: 47/48 MP: 4/4
  1236 | D:2      | Found a hazy altar of Hepliaklqana.
  1717 | D:2      | Identified a scroll of acquirement
  1717 | D:2      | Acquired the ring of Contention {rElec rF+ MP-9 Int+2 SInv}
  2047 | D:3      | Noticed Robin
  2072 | D:3      | Killed Robin
  2073 | D:3      | Reached XP level 5. HP: 42/55 MP: 0/5
  2394 | D:3      | Found a runed translucent gate.
  2394 | D:3      | Found a runed translucent gate.
  2394 | D:3      | Found a runed translucent gate.
  2395 | D:3      | Noticed a kobold brigand
  2397 | D:3      | Noticed hawkguy's ghost (amateur GrEE)
  2519 | D:3      | Reached skill level 5 in Fighting
  2906 | D:4      | Noticed Edmund
  2931 | D:4      | Killed Edmund
  2932 | D:4      | Reached XP level 6. HP: 56/67 MP: 0/6
  3115 | D:4      | Noticed Sigmund
  3138 | D:4      | Killed Sigmund
  3138 | D:4      | Killed from afar by an orc priest

Illustrated notes

Levels and vault maps discovered:
D:1:      lightli_arrival_chessboard, layout_basic, minmay_tripent
D:2:      layout_basic, basic_altar
D:3:      layout_basic, gammafunk_ghost_nasty_kobolds, uniq_robin
D:4:      layout_basic, minmay_temple_entry_offerings, uniq_sigmund,
          uniq_duvessa, uniq_edmund

Skill      XL: |  1  2  3  4  5 |
---------------+----------------+-----
Fighting       | 3 4 5 |  5.8
Maces & Flails | 3 4 |  4.5
Dodging        | 3 |  3.6
Throwing       | |  2.0

Action                     |  1- 3 |  4- 6 || total
---------------------------+-------+-------++-------
  Melee: Flail             |    42 |    41 ||    83
         Whip              |       |    55 ||    55
         Punch             |       |     1 ||     1
         Dire flail        |       |    13 ||    13
  Throw: Boomerang         |    56 |    77 ||   133
         Throwing net      |       |     7 ||     7
         Large rock        |       |     4 ||     4
         Dart              |       |    10 ||    10
    Use: Scroll            |     4 |     5 ||     9
         Potion            |       |     4 ||     4
 Armour: Robe              |    19 |    30 ||    49
  Dodge: Dodged            |    23 |    44 ||    67
  Block: Other             |       |    17 ||    17
